Map: Rainfall LE

Players

양규 - Winner!

  • Race: Zerg Zerg
  • League: Bronze

전포동라이너

  • Race: Terran Terran
  • League: Silver

VOD

Have the link to the VOD?

Description

Time

  • Played on: Oct. 12, 2026, 8:38 p.m.
  • Length: 5:23
Show
View Real Time Build Order
Export as new Build Order

양규 Zerg - Winner!

Build Orders: Hatch First 

Get SALT Encoding   

  12  0:00  Drone  
  13  0:08  Drone  
  14  0:16  Overlord  
  14  0:35  Drone  
  15  0:37  Drone x2  
  17  0:47  Drone  
  18  0:58  Drone  
  19  1:08  Hatchery  
  19  1:10  Spawning Pool  
  17  1:13  Drone  
  17  1:18  Drone  
  19  1:22  Extractor  
  18  1:29  Drone  
  19  1:44  Drone  
  20  1:59  Zergling x2  
  21  2:03  Overlord  
  21  2:06  Queen, Extractor  
  22  2:11  Roach Warren, Drone  
  22  2:21  Queen  
  22  2:22  Drone x2  
  26  2:31  Drone  
  26  2:33  Drone  
  28  2:45  Drone x2  
  28  2:48  Lair  
  30  2:53  Roach  
  32  2:59  Roach  
  32  3:05  Roach  
  36  3:07  Overlord  
  36  3:19  Overlord  
  36  3:26  Roach x4  
  44  3:31  Overlord  
  44  3:40  Roach x2  
  48  3:50  Drone  
  48  3:52  Roach x2  
  48  3:54  Drone  
  54  4:01  Roach x2  
  57  4:09  Roach  
  59  4:24  Pneumatized Carapace  
  59  4:29  Overlord x2  
  59  4:39  Drone  
  58  4:59  Roach x3  
  66  5:00  Roach  
Show
View Real Time Build Order
Export as new Build Order

전포동라이너 Terran 

Build Orders: 2 Factory 

Get SALT Encoding   

  12  0:00  SCV  
  13  0:12  SCV  
  14  0:17  Supply Depot  
  14  0:29  SCV  
  15  0:41  Barracks, SCV  
  16  0:46  Refinery  
  16  0:55  SCV  
  17  1:07  SCV  
  18  1:19  SCV  
  19  1:32  SCV, Marine  
  21  1:50  Command Center, Marine  
  22  2:04  Factory  
  22  2:15  Orbital Command  
  22  2:19  Barracks Reactor  
  22  2:41  SCV  
  22  2:44  Refinery  
  23  2:51  Factory  
  23  2:59  Supply Depot  
  23  3:01  SCV  
  24  3:08  Hellion x2  
  28  3:13  SCV  
  29  3:26  Orbital Command  
  29  3:30  Hellion x2  
  33  3:38  SCV  
  34  3:50  SCV  
  34  3:52  Factory Tech Lab  
  35  3:59  Barracks Tech Lab  
  33  4:28  Marauder  
  35  4:31  Siege Tank  
  39  4:38  SCV  
  37  4:49  Marauder  
  37  4:50  SCV  
Tags
 
Add a new tag
Caveats
  • Supply blocks, unpowered buildings, or Contaminate may cause inaccurate times.
  • Supply counts are checked every 10 seconds.